Map: Submarine LE

Players

Woltstrider

  • Race: Zerg Zerg
  • League: Master
  • Spawn Location: 11:00

Osiris - Winner!

  • Race: Terran Terran
  • League: Diamond
  • Spawn Location: 5:00

VOD

Have the link to the VOD?

Description

Time

  • Played on: Jan. 14, 2021, 4:26 a.m.
  • Length: 16:39
Show
View Real Time Build Order
Export as new Build Order

Woltstrider Zerg 

Build Orders: Hatch First 

Get SALT Encoding   

  12  0:00  Drone  
  13  0:12  Overlord  
  13  0:16  Drone  
  14  0:31  Drone x2  
  16  0:48  Hatchery  
  15  0:52  Drone  
  15  0:56  Drone  
  17  0:58  Drone  
  18  1:10  Extractor  
  17  1:14  Spawning Pool  
  17  1:16  Drone  
  17  1:19  Drone  
  18  1:28  Drone  
  19  1:38  Drone  
  20  1:51  Overlord  
  20  2:00  Queen x2  
  24  2:01  Zergling x2  
  24  2:02  Zergling x2  
  26  2:17  Hatchery  
  26  2:20  Drone  
  26  2:25  Drone  
  26  2:29  Metabolic Boost  
  27  2:36  Drone x2  
  29  2:43  Queen  
  31  2:48  Drone x2  
  33  2:53  Overlord  
  33  2:59  Drone x2  
  33  3:02  Drone  
  36  3:06  Overlord  
  36  3:15  Drone x4  
  36  3:18  Overlord  
  41  3:27  Drone  
  41  3:30  Drone x2, Queen  
  45  3:40  Queen  
  47  3:43  Queen  
  47  3:45  Drone x2  
  51  3:52  Zergling x6  
  54  3:57  Overlord x2  
  54  4:02  Drone x3  
  57  4:14  Zergling x2  
  57  4:15  Queen, Zergling x4  
  57  4:17  Drone x4  
  66  4:30  Spore Crawler  
  65  4:31  Spore Crawler  
  65  4:32  Spore Crawler  
  65  4:33  Drone x6  
  65  4:37  Overlord x2  
  69  4:43  Drone x2, Baneling Nest  
  70  4:46  Queen  
  72  4:57  Queen  
  74  5:00  Queen  
  74  5:04  Drone  
  74  5:05  Drone x2  
  79  5:07  Drone x2, Extractor x2  
  79  5:08  Overlord x2  
  79  5:11  Zergling x4  
  81  5:23  Zergling x14  
  86  5:35  Lair  
  82  5:38  Drone x3  
  82  5:39  Drone x2  
  82  5:40  Drone  
  88  5:43  Baneling x6  
  88  5:45  Overlord  
  88  5:46  Overlord  
  89  5:50  Drone  
  89  5:57  Drone  
  89  5:58  Drone x2  
  89  6:00  Hatchery, Extractor  
  89  6:01  Drone, Extractor  
  89  6:03  Drone  
  89  6:04  Drone, Extractor  
  91  6:06  Zergling x6  
  91  6:08  Evolution Chamber  
  91  6:09  Evolution Chamber  
  92  6:11  Overlord  
  92  6:13  Zergling x2  
  92  6:14  Zergling x6  
  92  6:17  Baneling x2  
  96  6:21  Zergling x2  
  96  6:22  Zergling x4  
  96  6:23  Baneling  
  96  6:24  Baneling x2  
  99  6:27  Drone x2  
  101  6:33  Drone  
  101  6:34  Drone x2  
  101  6:35  Drone x2  
  101  6:36  Drone  
  101  6:37  Centrifical Hooks  
  107  6:41  Overseer  
  103  6:56  Overseer  
  103  6:57  Pneumatized Carapace  
  100  7:06  Drone x3  
  103  7:14  Drone  
  103  7:15  Drone x2  
  104  7:18  Drone  
  104  7:19  Zergling x22  
  117  7:22  Baneling  
  117  7:23  Baneling x2  
  117  7:24  Zerg Melee Weapons Level 1  
  117  7:25  Zerg Ground Armor Level 1  
  117  7:28  Drone  
  118  7:37  Spore Crawler  
  118  7:40  Drone x8  
  118  7:41  Queen  
  118  7:42  Queen  
  129  7:46  Baneling x11, Hatchery  
  128  8:01  Zergling x2  
  128  8:02  Zergling x12  
  128  8:04  Baneling x8, Overlord x2  
  128  8:05  Overlord  
  126  8:19  Zergling x24  
  128  8:26  Zergling x2  
  128  8:27  Zergling x2  
  116  8:34  Zergling x2  
  116  8:35  Zergling x8  
  116  8:39  Spire  
  120  8:43  Drone x4, Extractor  
  120  8:45  Extractor  
  120  8:47  Baneling x16  
  122  8:48  Zergling x2  
  122  8:49  Zergling x2  
  124  9:03  Infestation Pit  
  124  9:05  Drone  
  124  9:06  Drone x2  
  124  9:07  Drone x3, Queen  
  124  9:09  Drone  
  132  9:12  Zergling x20  
  142  9:18  Overlord  
  142  9:19  Overlord x2  
  142  9:22  Overseer x2, Zerg Melee Weapons Level 2  
  142  9:25  Zerg Ground Armor Level 2  
  142  9:31  Overlord  
  142  9:33  Zergling x2  
  142  9:34  Zergling x10  
  148  9:39  Zergling x2  
  148  9:40  Baneling x7  
  148  9:41  Baneling  
  149  9:50  Drone  
  149  9:56  Zergling x26  
  149  9:57  Zergling x2  
  149  9:59  Baneling x2  
  154  10:00  Baneling x6  
  140  10:13  Zergling x20  
  141  10:15  Zergling x8  
  141  10:17  Hive  
  141  10:18  Mutalisk  
  141  10:19  Mutalisk  
  142  10:28  Zergling x20  
  136  10:38  Zergling x2  
  136  10:39  Zergling x12  
  140  10:43  Baneling x3  
  140  10:44  Baneling x12  
  140  10:45  Drone  
  132  11:03  Zergling x32  
  132  11:04  Zergling x2  
  132  11:09  Mutalisk x5  
  142  11:12  Baneling x8  
  142  11:13  Baneling  
  142  11:22  Drone  
  143  11:29  Adrenal Glands  
  143  11:36  Zergling x24  
  143  11:37  Zergling x2  
  143  11:38  Hatchery  
  154  11:47  Hatchery  
  154  11:50  Baneling x8  
  154  11:51  Baneling  
  153  12:01  Baneling  
  153  12:02  Baneling x21  
  153  12:13  Mutalisk  
  153  12:14  Mutalisk x3  
  156  12:23  Mutalisk  
  156  12:24  Mutalisk x3  
  166  12:41  Mutalisk x3  
  164  12:45  Overlord x5  
  164  12:52  Queen  
  162  13:04  Extractor  
  161  13:07  Extractor  
  161  13:09  Zergling x22  
  161  13:10  Zergling x8  
  161  13:11  Baneling  
  161  13:12  Baneling x4  
  175  13:13  Baneling  
  175  13:17  Queen  
  177  13:30  Ultralisk Cavern, Zerg Ground Armor Level 3, Zerg Melee Weapons Level 3  
  140  13:43  Zergling x28  
  148  13:49  Overseer  
  148  13:52  Overseer x3  
  148  13:58  Drone x2  
  148  13:59  Drone x2  
  148  14:00  Drone x2  
  154  14:07  Mutalisk x4  
  162  14:14  Hatchery  
  160  14:18  Baneling  
  160  14:19  Baneling x6  
  142  14:32  Zergling x8  
  142  14:33  Zergling x26  
  155  14:50  Zergling x2  
  155  14:51  Zergling x12  
  127  15:00  Zergling x28  
  127  15:01  Zergling x2  
  132  15:18  Ultralisk x2  
  138  15:37  Zergling x2  
  138  15:38  Ultralisk x2  
  136  15:45  Zergling x10  
  127  15:57  Zergling x18  
  122  16:06  Baneling x13  
  122  16:10  Extractor x2  
  113  16:20  Overseer  
Show
View Real Time Build Order
Export as new Build Order

Osiris Terran - Winner!

Build Orders: Reaper Expand, Hellion Banshee 

Get SALT Encoding   

  12  0:00  SCV  
  13  0:12  SCV  
  14  0:16  Supply Depot  
  14  0:24  SCV  
  15  0:38  SCV  
  15  0:39  Barracks  
  16  0:44  Refinery  
  16  0:50  SCV  
  17  1:02  SCV  
  18  1:14  SCV  
  19  1:27  Orbital Command, Reaper  
  20  1:39  Command Center  
  20  1:49  Supply Depot  
  20  1:52  SCV  
  21  1:59  Marine  
  22  2:08  SCV  
  23  2:10  Factory  
  23  2:20  SCV  
  24  2:24  Barracks Reactor  
  24  2:32  SCV  
  25  2:42  Command Center  
  25  2:44  SCV  
  26  2:53  Orbital Command  
  26  2:56  SCV  
  27  3:01  Starport  
  27  3:07  Refinery  
  27  3:12  Hellion  
  29  3:15  SCV  
  29  3:19  SCV  
  31  3:22  Hellion  
  31  3:24  Barracks Tech Lab  
  33  3:29  SCV  
  34  3:35  Hellion  
  36  3:41  SCV  
  36  3:42  SCV  
  36  3:48  Banshee  
  41  3:49  Hellion  
  41  3:53  SCV  
  41  3:54  Orbital Command  
  45  3:55  SCV  
  45  3:57  Cloaking Field  
  45  4:02  Hellion  
  47  4:05  SCV  
  48  4:12  Hellion  
  48  4:13  SCV  
  48  4:16  Barracks Tech Lab  
  51  4:17  SCV  
  51  4:21  SCV  
  53  4:35  Stimpack  
  53  4:36  SCV  
  54  4:42  SCV x2  
  54  4:43  Barracks x2  
  54  4:44  Marine, Factory Reactor  
  57  4:47  Banshee  
  57  4:51  SCV  
  61  5:01  Supply Depot  
  61  5:02  Engineering Bay  
  61  5:04  Engineering Bay  
  61  5:06  SCV x3, Marine, Supply Depot  
  63  5:34  SCV  
  64  5:35  SCV  
  64  5:36  SCV  
  66  5:44  Marine  
  66  5:45  Marine  
  66  5:48  Refinery  
  66  5:49  Barracks  
  68  5:50  Refinery  
  68  5:52  Marine  
  68  5:53  SCV, Factory Reactor  
  68  5:54  Terran Infantry Weapons Level 1, Terran Infantry Armor Level 1  
  68  5:55  Barracks  
  70  6:00  Orbital Command  
  70  6:02  Marine  
  71  6:07  Starport Reactor  
  71  6:08  Marine x2  
  71  6:09  Marine  
  71  6:11  SCV  
  75  6:12  Supply Depot x2  
  75  6:13  SCV  
  76  6:21  Combat Shield  
  76  6:23  SCV  
  76  6:25  SCV x2  
  79  6:31  Marine x2  
  79  6:32  Marine x3  
  84  6:34  Widow Mine x2  
  84  6:35  SCV  
  84  6:36  Barracks Reactor  
  84  6:37  SCV  
  90  6:41  Supply Depot  
  90  6:43  Supply Depot  
  90  6:46  Barracks Reactor  
  90  6:47  Medivac x2  
  90  6:48  SCV x2  
  90  6:49  SCV, Marine  
  98  6:59  Marine x3  
  101  7:02  Marine  
  101  7:03  SCV, Widow Mine x2  
  101  7:05  Supply Depot  
  107  7:12  Marine  
  107  7:13  Marine x2  
  107  7:15  SCV x2  
  109  7:17  Marine  
  109  7:18  SCV  
  111  7:27  SCV  
  111  7:28  Supply Depot  
  112  7:34  Marine x6  
  112  7:36  Marine, Medivac, Widow Mine x2  
  125  7:41  Barracks  
  125  7:44  Barracks  
  125  7:45  Medivac, Marine, Barracks  
  125  7:46  Armory, Supply Depot  
  125  7:47  Supply Depot  
  125  7:51  SCV x2  
  130  7:53  Marine  
  130  7:54  Marine x4  
  119  8:19  Marine x4  
  111  8:20  Medivac, Marine x2  
  111  8:21  Marine x3, Medivac, Widow Mine x2  
  125  8:33  Marine  
  107  8:38  Terran Infantry Weapons Level 2, Terran Infantry Armor Level 2  
  107  8:40  Marine x3  
  107  8:41  Marine x5  
  112  8:43  Barracks Reactor  
  112  8:45  Barracks Tech Lab  
  113  8:49  Factory  
  113  8:53  Marine x2  
  113  8:54  Command Center, Medivac, Widow Mine x2  
  121  8:58  Marine x3  
  121  9:01  Refinery  
  121  9:02  Refinery  
  124  9:05  Bunker  
  124  9:08  Marine x2  
  124  9:09  Bunker, Marine x4  
  130  9:11  Marauder, Concussive Shells  
  130  9:15  Terran Vehicle And Ship Armor Level 1  
  130  9:16  Marine x2  
  130  9:17  Marine  
  134  9:18  Widow Mine x2  
  134  9:19  Marauder  
  134  9:24  Marine x2  
  142  9:26  Marine x2  
  142  9:29  Supply Depot  
  142  9:30  Supply Depot  
  145  9:34  Marine x2  
  145  9:35  Factory Tech Lab  
  145  9:36  Marine x2  
  145  9:37  Marine  
  152  9:38  Marauder  
  152  9:44  Marine x4  
  156  9:51  Widow Mine  
  154  10:12  Marine x5  
  154  10:13  Widow Mine x3  
  154  10:14  Marauder x2, Marine x2  
  167  10:28  Marine x3  
  128  10:29  Marauder  
  128  10:30  Medivac x2  
  128  10:32  Marine x5  
  128  10:33  Marine  
  143  10:35  Marauder  
  143  10:42  Marauder, Marine, Widow Mine x3  
  149  10:52  Marine  
  149  10:53  Marine x3  
  153  11:03  Widow Mine, Marine x5  
  155  11:05  Widow Mine x2  
  155  11:10  Marauder x2  
  163  11:16  Marine x6  
  169  11:23  Drilling Claws  
  169  11:25  Marine, Widow Mine  
  171  11:26  Widow Mine, Marine x3  
  171  11:32  Marine x3  
  178  11:33  Marine  
  178  11:37  Marine x4  
  185  11:45  Marine x2  
  185  11:46  Marine  
  188  11:55  Supply Depot  
  188  11:56  Supply Depot  
  188  11:57  Planetary Fortress  
  188  12:01  Missile Turret  
  188  12:03  Missile Turret  
  188  12:16  Marine x6  
  188  12:19  Marine x4  
  198  12:25  Marine x2  
  200  12:36  Missile Turret  
  200  12:58  Terran Vehicle And Ship Armor Level 2  
  200  12:59  Terran Infantry Armor Level 3, Terran Infantry Weapons Level 3  
  200  13:05  Command Center  
  158  13:45  Marauder x3  
  158  13:46  Thor  
  158  13:47  Widow Mine x2  
  174  13:57  SCV  
  175  14:06  Marauder x2  
  175  14:07  Marine x3  
  182  14:15  Refinery  
  151  14:31  Marauder  
  151  14:32  Thor, Marauder, Widow Mine x2  
  156  14:39  Marauder  
  158  14:49  Marine x2  
  158  14:50  Marine x4  
  164  14:53  Marauder x2  
  149  15:01  Marauder  
  122  15:07  Marine x2  
  122  15:08  Marine x4  
  122  15:12  Marine x3  
  122  15:13  Marine  
  131  15:14  Marauder x2  
  131  15:17  Thor  
  131  15:18  Widow Mine x2  
  144  15:22  Marauder  
  144  15:25  Marine x3  
  144  15:27  Marine x2  
  144  15:28  Marine  
  152  15:30  Marine x3  
  152  15:35  Marine x3  
  142  15:39  Widow Mine  
  142  15:42  Medivac x2  
  138  15:43  Marine x4  
  138  15:45  Marine x3  
  138  15:48  Marine x3  
  136  15:50  Widow Mine  
  136  15:53  Marine x3  
  141  16:01  Marine, Widow Mine x2  
  141  16:03  Marine x4  
  145  16:09  Marine x4  
  149  16:11  Widow Mine  
  149  16:15  Marauder  
  149  16:16  Marauder, Marine x2  
  162  16:21  Marine  
Tags
 
Add a new tag
Caveats
  • Supply blocks, unpowered buildings, or Contaminate may cause inaccurate times.
  • Supply counts are checked every 10 seconds.